 Dungeon Crawl Stone Soup version 0.17-a0-1778-gd369669 (webtiles) character file.

109 ololoev the Poker (level 4, -4/36 HPs)
             Began as a Draconian Skald on Sept 8, 2015.
             Killed from afar by Jessica (6 damage)
             ... with a wand of frost
             ... on level 2 of the Dungeon.
             The game lasted 00:03:50 (1544 turns).

ololoev the Poker (Draconian Skald)                 Turns: 1544, Time: 00:03:51

Health: -4/36      AC:  5    Str: 14    XL:     4   Next: 59%
Magic:  1/7        EV: 12    Int: 12    God:
Gold:   52         SH:  0    Dex: 12    Spells: 3 memorised, 1 level left

rFire  . . .     SeeInvis .     a - +0 spear
rCold  . . .     Clarity  .     (armour unavailable)
rNeg   . . .     SustAt   .     (no shield)
rPois  .         Gourm    .     (helmet restricted)
rElec  .         Spirit   .     (no cloak)
rCorr  .         Warding  .     (no gloves)
rMut   .         Stasis   .     (no boots)
MR     .....                    (no amulet)
Stlth  +.........               (no ring)
                                g - ring of wizardry

@: infused (expiring), singing (expiring), not resistant to hostile
enchantments, very unstealthy
A: unfitting armour, cold-blooded, AC +5
a: Stop Singing


Innate Abilities, Weirdness & Mutations

Your plain brown scales are hard (AC +5).
Your body does not fit into most forms of armour.
You are cold-blooded and may be slowed by cold attacks.

Inventory:

Hand weapons
 a - a +0 spear (weapon)
Jewellery
 g - a ring of wizardry (left hand)
Magical devices
 f - a wand of slowing (29)
 n - a wand of enslavement (8)
Scrolls
 e - a scroll of teleportation {unknown}
 h - a scroll of enchant weapon {unknown}
 i - a scroll of enchant armour {unknown}
 k - 2 scrolls of remove curse {unknown}
 l - a scroll of identify {unknown}
Potions
 d - 3 potions of brilliance {unknown}
 j - a potion of heal wounds
 m - a potion of resistance {unknown}
Books
 b - a book of Battle

   Spells                             Type                      Level
   a - Infusion                       Charms                       1
   b - Shroud of Golubria             Charms/Translocation         2
   c - Song of Slaying                Charms                       2
   d - Spectral Weapon                Hexes/Charms                 3
   e - Regeneration                   Charms/Necromancy            3
Comestibles
 c - 2 bread rations


   Skills:
 - Level 2.1 Fighting
 + Level 4.9 Polearms
 - Level 1.3 Dodging
 - Level 2.0 Spellcasting
 - Level 2.6 Charms


You had one spell level left.
You knew the following spells:

 Your Spells              Type           Power        Failure   Level  Hunger
a - Infusion              Chrm           #.....       4%          1    ##.....
b - Song of Slaying       Chrm           #.......     6%          2    ###....
c - Regeneration          Chrm/Necr      #.........   26%         3    ####...


You were on level 2 of the Dungeon.
You were hungry.

You visited 1 branch of the dungeon, and saw 2 of its levels.

You collected 52 gold pieces.

.........#.##.#####..#....#......
.........'.##........#....#.....#
.........###########.#....#####.#
########........................#
#############.##'#)#######
#..#.#.####### ##.#.#)##....#
########.#...()....'
#.@@......##.##....#
#.#######.##.##..... #.#
#..#.##..... #.# ##.#.##..... #@#
#.#.##..... #.. #.#.###.(.. #'''
#.#.# #.... ..... #.#.# #....
⌠.#.⌠@ #.#.# #####

Notes
Turn   | Place    | Note
--------------------------------------------------------------
     0 | D:1      | ololoev the Draconian Skald began the quest for the Orb.
     0 | D:1      | Reached XP level 1. HP: 17/17 MP: 3/3
   115 | D:1      | Reached XP level 2. HP: 22/24 MP: 5/5
   139 | D:1      | Learned a level 2 spell: Song of Slaying
   359 | D:1      | Reached skill level 3 in Polearms
   486 | D:1      | Reached XP level 3. HP: 29/29 MP: 6/6
   521 | D:1      | Learned a level 3 spell: Regeneration
   624 | D:2      | Reached skill level 4 in Polearms
   859 | D:2      | Found a snail-covered altar of Cheibriados.
   871 | D:2      | Reached XP level 4. HP: 36/36 MP: 0/7
  1515 | D:2      | Noticed Jessica
  1544 | D:2      | Killed from afar by Jessica

Dungeon Overview and Level Annotations

Branches:
Dungeon (2/15)

Altars:
Cheibriados

Annotations:
D:2 Jessica


Message History

Attack whom?
Press: ? - help, Dir - move target cursor, f/p - Jessica
Aim: Jessica, wielding a dagger, wearing a robe and carrying a wand of frost {zapped: 4} (moderately wounded, fast)
You hit Jessica.
Jessica is heavily wounded.
Jessica barely misses you. Jessica closely misses you.
Attack whom?
Press: ? - help, Dir - move target cursor, f/p - Jessica
Aim: Jessica, wielding a dagger, wearing a robe and carrying a wand of frost {zapped: 4} (heavily wounded, fast)
You hit Jessica.
Jessica is almost dead.
Jessica drinks a potion.
Jessica is healed!
Attack whom?
Press: ? - help, Dir - move target cursor, f/p - Jessica
Aim: Jessica, wielding a dagger, wearing a robe and carrying a wand of frost {zapped: 4} (fast)
You closely miss Jessica.
Jessica points at you and mumbles some strange words.
You barely resist.
Attack whom?
Press: ? - help, Dir - move target cursor, f/p - Jessica
Aim: Jessica, wielding a dagger, wearing a robe and carrying a wand of frost {zapped: 4} (fast)
You hit Jessica.
Jessica is lightly wounded.
Your magical infusion is running out.
Your song is almost over.
Jessica hits you but does no damage.
Attack whom?
Press: ? - help, Dir - move target cursor, f/p - Jessica
Aim: Jessica, wielding a dagger, wearing a robe and carrying a wand of frost {zapped: 4} (lightly wounded, fast)
You hit Jessica but do no damage.
You tail-slap Jessica, but do no damage.
Jessica is lightly wounded.
Jessica zaps a wand.
The puff of frost misses you.
Jessica zaps a wand.
The puff of frost hits you!
You hit Jessica.
Jessica is heavily wounded.
Jessica hits you but does no damage.
You barely miss Jessica.
Jessica is heavily wounded.
Jessica zaps a wand.
The puff of frost hits you!
You die...

You could see Jessica.

Vanquished Creatures
  2 adders (D:2)
  3 gnolls
  2 oozes (D:1)
  4 worms (D:2)
  A giant gecko (D:2)
  3 bat zombies (D:2)
  2 giant cockroaches (D:2)
  7 goblins
  4 hobgoblins
  4 kobolds
  4 bats (D:1)
  A giant newt (D:2)
  5 rats
42 creatures vanquished.

Action                   |  1- 3 |  4- 6 || total
-------------------------+-------+-------++-------
Melee: Spear             |   116 |    90 ||   206
 Cast: Infusion          |     3 |     3 ||     6
       Song of Slaying   |     2 |     1 ||     3
 Stab: Sleeping          |     1 |       ||     1
       Distracted        |     1 |       ||     1
  Eat: Chunk             |       |     2 ||     2

Vault maps used:
D:1:      erik_arrival_gehennom, grunt_decor_arrowhead
D:2:      kennysheep_vampire_church, first_bread, cheibriados_altar_wand_db,
          uniq_jessica
